 Dungeon Crawl Stone Soup version 0.31.0-12-g77e489cdc1 (webtiles) character file.

Game seed: 2030542758530069910

51 Gadfly the Trooper (level 3, -6/23 HPs)
             Began as a Gargoyle Fighter on Mar 8, 2024.
             Mangled by Natasha (8 damage)
             ... on level 2 of the Dungeon.
             The game lasted 00:01:48 (1129 turns).

Gadfly the Trooper (Gargoyle Fighter)               Turns: 1129, Time: 00:01:48

Health: -6/23      AC: 10    Str: 19    XL:     3   Next: 81%
Magic:  4/4        EV:  9    Int:  8    God:
Gold:   73         SH:  4    Dex: 11    Spells: 2/2 levels left

rFire   . . .        b - +1 hand axe (drain)
rCold   . . .        c - +0 buckler
rNeg    + . .        e - +0 scale mail
rPois   ∞            (no helmet)
rElec   +            (no cloak)
rCorr   .            (no gloves)
SInv    .            (no boots)
Will    .....        (no amulet) Stlth
                     (no ring)
HPRegen 0.23/turn    (no ring)
MPRegen 0.09/turn

%: no passive effects
@: no status effects
A: sickness immunity, AC +3, negative energy resistance 1, electricity
resistance, torment resistance 1, petrification resistance
a: no special abilities


You were on level 2 of the Dungeon.
You visited 1 branch of the dungeon, and saw 2 of its levels.

You collected 73 gold pieces.

Inventory:

Hand Weapons
 a - a +0 morningstar
 b - a +1 hand axe of draining (weapon)
Armour
 c - a +0 buckler (worn)
 e - a +0 scale mail (worn)
Potions
 d - a potion of might
 f - a potion of haste {unknown}
 g - a potion of ambrosia {unknown}
 h - a potion of mutation {unknown}
 i - a potion of enlightenment {unknown}


   Skills:
 + Level 3.6 Fighting
 * Level 2.5 Maces & Flails
 + Level 3.5 Armour
 + Level 3.5 Shields
 * Level 1.4 Invocations
 * Level 1.1 Evocations


You had 2 spell levels left.
You didn't know any spells.
Your spell library contained the following spells:

 Spells                   Type           Power      Damage    Failure   Level
 Gell's Gravitas          Tloc           0%         N/A       99%         3
 Teleport Other           Tloc           0%         N/A       99%         3
 Dispersal                Tloc           0%         N/A       100%        6


Dungeon Overview and Level Annotations

Branches:
Dungeon (2/15)

Altars:

Shops:
D:1 (

Annotations:
D:2 Natasha


Innate Abilities, Weirdness & Mutations

You are immune to sickness and miasma.
Your stone body is resilient. (AC +3)
You are immune to poison.
You resist negative energy. (rN+)
You are resistant to electric shocks. (rElec)
You are resistant to unholy torment.
You are immune to petrification.


Message History

You are too injured to fight recklessly!
You are too injured to fight recklessly!
You are too injured to fight recklessly!
You are too injured to fight recklessly!
You are too injured to fight recklessly!
You are too injured to fight recklessly!
You are too injured to fight recklessly!
You are too injured to fight recklessly!
You are too injured to fight recklessly!
You are too injured to fight recklessly!
You are too injured to fight recklessly!
You are too injured to fight recklessly!
You are too injured to fight recklessly!
You are too injured to fight recklessly!
You are too injured to fight recklessly!
You are too injured to fight recklessly!
You are too injured to fight recklessly!
Unknown command.
The kobold attacks as it pursues you! The kobold hits you but does no damage.
You hit the kobold.
You kill the kobold!
You closely miss Natasha.
Natasha mumbles some strange words.
Natasha barely misses you.
You closely miss Natasha. You miss the cerulean imp.
Natasha howls an incantation.
Natasha shimmers violently.
Natasha claws you.
* * * LOW HITPOINT WARNING * * *
The cerulean imp hits you but does no damage.
You hit Natasha.
Natasha is moderately wounded.
You hit the cerulean imp.
Natasha zaps a wand.
The puff of flame hits you.
* * * LOW HITPOINT WARNING * * *
You block the cerulean imp's attack.
You hit Natasha.
Natasha is severely wounded.
You hit the cerulean imp. Natasha claws you!
You die...
Natasha begins licking her fur clean.

#.#.......##
##..........#
...........+
#.........#
#.......#
#...>.# #.K.#
#h# #@# #5#
##.## ###...##
###......#
##...#...##
.........#######
##...#..........
###...[.######


You could see Natasha, a cerulean imp (summoned) and a kobold.

Vanquished Creatures
  2 adders (D:2)
  3 dart slugs (D:2)
  An orc (D:2)
  3 bats
  2 endoplasms (D:1)
  A goblin (D:2)
  A hobgoblin (D:2)
  3 quokkas
  5 ball pythons
  2 frilled lizards
  3 kobolds (D:2)
26 creatures vanquished.

Notes
Turn   | Place    | Note
-------+----------+-------------------------------------------
     0 | D:1      | Gadfly the Gargoyle Fighter began the quest for the Orb.
     0 | D:1      | Reached XP level 1. HP: 14/14 MP: 1/1
   146 | D:1      | Found Liph's Weapon Shoppe.
   185 | D:1      | Reached XP level 2. HP: 16/19 MP: 2/2
   945 | D:2      | Reached skill level 1 in Invocations
   945 | D:2      | Reached XP level 3. HP: 19/23 MP: 3/3
   946 | D:2      | Reached skill level 1 in Evocations
  1119 | D:2      | Noticed Natasha
  1129 | D:2      | Mangled by Natasha

Illustrated notes

Levels and vault maps discovered:
D:1:      dpeg_arrival_simpleton_a, layout_loops_ring, serial_shops, shop
D:2:      layout_loops_corners, minmay_pentomino_p4, uniq_natasha

Skill      XL: |  1  2  3 |
---------------+----------+-----
Invocations    | 1 |  1.4
Evocations     | 1 |  1.1
Fighting       | |  3.6
Maces & Flails | |  2.5
Armour         | |  3.5
Shields        | |  3.5

Action                     || total
---------------------------++-------
  Melee: Hand axe          ||    80
         Flail             ||     3
 Armour: Scale mail        ||    69
  Dodge: Dodged            ||    45
  Block: Buckler           ||    22
